AoeStats
← MeanyPanini95

Socotra

505956646Analyzed
2v2 RM · 19d ago on Sep 11, 2026· 24m 14s· 4 players
Game mode
Random Map
Map size
Tiny (2 player)
Population
200
Speed
Normal
Resources
Standard
Victory
Conquest
Starting age
Dark Age
Ending age
Imperial Age
RankedLock teamsTeams togetherTeam positionsShared explorationLock speedFull tech treeHidden civsTurbo modeCheats
Victory
Defeat
🇧🇷 Franks · Brazil
873
+15
🇸🇮 Celts · Slovenia
830
+17
🇬🇧 Vikings · United Kingdom
871
-46
🇬🇧 Cumans · United Kingdom
836
-39
bibi
0:29 Loom
11:30 Feudal Age
13:43 Double-Bit Axe
14:37 Gold Mining
17:26 Man-at-Arms
22:19 Scale Mail Armor
22:21 Padded Archer Armor
rmoiana
4:09 Loom
12:17 Feudal Age
17:49 Castle Age
16:17 Double-Bit Axe
17:52 Stone Mining
MeanyPanini95
5:19 Loom
13:44 Feudal Age
15:06 Horse Collar
15:17 Horse Collar
15:28 Double-Bit Axe
15:43 Double-Bit Axe
18:01 Castle Age
19:02 Heavy Plow
19:15 Fletching
eL_bArTo
4:32 Loom
11:23 Feudal Age
12:48 Wheelbarrow
12:00 Double-Bit Axe
20:40 Horse Collar
22:40 Forging
22:59 Scale Mail Armor
Connection lost

Rejoining the realm…

Still unreachable

The connection could not be restored.

Session expired

The server has moved on; the page needs a fresh start.